Cogmind - Beta 13 @@@ ROGUE MODE // 2024.06.12 @ 21:53:25 Player: doughoff Result: Destroyed by D-53 Grenadier with Mini Grenade Launcher Performance ------------- Evolutions (0) 0 Regions Visited (2) 400 Robots Destroyed (16) 80 Value Destroyed (289) 289 Prototype IDs (6) 120 Alien Tech Used (0) 0 Bonus (0) 0 TOTAL SCORE: 889 Bonus ------- None Cogmind --------- Core Integrity 0/250 Matter 281/300 Energy 240/250 System Corruption 4% Temperature Cool (0) Movement Rolling (95) Ox1 Location -10/Mines Parts ------- > --- POWER (1) -------- Ion Engine > --- PROPULSION (2) --- Wheel > --- UTILITY (2) ------ Medium Storage Unit > --- WEAPON (2) ------- (None) > --- INVENTORY (10) --- Aluminum Leg High-capacity Storage Unit Light Armor Plating Light Armor Plating Light Armor Plating Assault Rifle Hammer Peak State ------------ > --- POWER ------------ Ion Engine > --- PROPULSION ------- Aluminum Leg Aluminum Leg > --- UTILITY ---------- Medium Storage Unit Targeting Computer > --- WEAPON ----------- Medium Laser Beam Cannon > --- INVENTORY -------- Ion Engine Light Ion Engine Light Treads Light Treads Small Storage Unit Large Storage Unit Light Armor Plating Light Armor Plating EM Pulse Gun Small Laser [Rating: 8] Favorites ----------- Power Ion Engine Engine Ion Engine Propulsion Aluminum Leg Leg Aluminum Leg Wheel Wheel Utility Medium Storage Unit Storage Medium Storage Unit Processor Targeting Computer Protection Light Armor Plating Weapon Medium Laser Energy Gun Medium Laser Energy Cannon Beam Cannon Ballistic Gun Assault Rifle Build | -11 -10 -10 ------- Run | Yrd Mat Min Slots Evolved . | . . . Power . | . . . Propulsion . | . . . Utility . | . . . Weapon . | . . . Parts Attached 17 | 6 9 2 Power 3 | 1 2 . Engine 3 | 1 2 . Core . | . . . Reactor . | . . . Propulsion 4 | 2 1 1 Treads . | . . . Leg 3 | 2 1 . Wheel 1 | . . 1 Hover . | . . . Flight . | . . . Utility 5 | 1 3 1 Device . | . . . Storage 3 | 1 2 . Processor 1 | . 1 . Hackware . | . . . Protection 1 | . . 1 Artifact . | . . . Weapon 5 | 2 3 . Energy Gun 3 | 2 1 . Energy Cannon 1 | . 1 . Ballistic Gun 1 | . 1 . Ballistic Cannon . | . . . Launcher . | . . . Special Weapon . | . . . Impact Weapon . | . . . Slashing Weapon . | . . . Piercing Weapon . | . . . Special Melee Weapon . | . . . Unidentified Prototypes . | . . . Parts Lost 6 | . 1 5 Power . | . . . Propulsion 3 | . 1 2 Utility 1 | . . 1 Weapon 2 | . . 2 Highest Loss Streak 5 | . 1 5 To Critical Strikes . | . . . Average Slot Usage (%) 97 | . 97 99 Engine 14 | . 14 14 Leg 25 | . 25 27 Storage 14 | . 14 14 Processor 11 | . 13 . Protection 2 | . . 13 Energy Gun 14 | . 14 14 Energy Cannon 13 | . 13 14 Naked Turns . | . . . Heaviest Build 30 | 11 30 23 Greatest Support 20 | 20 20 20 Greatest Overweight (x) 2 | 2 1 2 Average Overweight (x) . | . . 1 Largest Inventory Capacity 15 | 8 15 10 Average Capacity 9 | 7 9 10 Most Carried 10 | 5 10 8 Average Carried 8 | 2 8 7 Final Capacity 10 | 8 10 10 Final Carried 9 | 4 9 7 Class Distribution -------------------- 100% | Mutant Dominant Class ---------------- Mutant | -10/Materials Mutant | -10/Mines Resources | -11 -10 -10 ----------- Run | Yrd Mat Min Matter Collected 389 | 182 207 . Remotely . | . . . Salvage Created 421 | . 421 . Parts 35 | . 35 . Haulers Intercepted . | . . . Recyclers Shooed . | . . . Parts Field Recycled . | . . . Retrieved Matter . | . . . Parts Self-Destructed . | . . . Prevented . | . . . Kills | -11 -10 -10 ------- Run | Yrd Mat Min Combat Hostiles Destroyed 11 | . 11 . Guns 2 | . 2 . Cannons 9 | . 9 . Classes Destroyed 6 | . 6 . Builder 1 | . 1 . Recycler 1 | . 1 . Operator 1 | . 1 . Watcher 2 | . 2 . Swarmer 6 | . 6 . Grunt 5 | . 5 . Best Kill Streak 3 | . 3 . Combat Bots Only 3 | . 3 . Max Kills in Single Turn 1 | . 1 . Gunslinging . | . . . Exploded . | . . . Melee . | . . . Uniques/NPCs Destroyed . | . . . Combat | -11 -10 -10 -------- Run | Yrd Mat Min Hostile Shots Fired 60 | . 46 14 Missed 11 | . 7 4 Damage Taken 876 | . 412 464 Core 254 | . 106 148 Absorbed by Shields . | . . . Core Remaining (%) 100 | 100 . . Volleys Fired 45 | . 44 1 Largest 2 | . 2 1 Hottest 110 | . 110 60 Shots Fired 80 | . 79 1 Gun 35 | . 35 . Cannon 45 | . 44 1 Launcher . | . . . Special . | . . . Kinetic 6 | . 6 . Thermal 74 | . 73 1 Explosive . | . . . Electromagnetic . | . . . Robot Hit Streak 14 | . 14 . Robot Miss Streak 3 | . 3 1 Penetration Max . | . . . Secondary Targets . | . . . Shots Hit Robots 58 | . 58 . Core Hits 22 | . 22 . Critical Kills . | . . . Critical Parts Destroyed . | . . . Critical Strikes 1 | . 1 . Burn 1 | . 1 . Melee Attacks . | . . . Impact . | . . . Slashing . | . . . Piercing . | . . . Sneak Attacks . | . . . Combat Hostiles . | . . . Follow-up Attacks . | . . . Damage Inflicted 915 | . 915 . Guns 305 | . 305 . Cannons 610 | . 610 . Explosions . | . . . Melee . | . . . Ramming . | . . . Kinetic 62 | . 62 . Thermal 853 | . 853 . Explosive . | . . . Electromagnetic . | . . . Impact . | . . . Slashing . | . . . Piercing . | . . . Highest Corruption 4 | . 4 4 Average Corruption 3 | . 3 4 Corruption Purged . | . . . Corruption Blocked . | . . . Effects 13 | . 6 7 Message Errors 4 | . 2 2 Matter Fused 6 | . 3 3 Heat Flow Errors 1 | . . 1 Energy Discharges 1 | . . 1 Data Loss (major) 1 | . 1 . Overload Shots . | . . . Overflow Damage 6 | . 6 . Projectiles 6 | . 6 . Explosions . | . . . Melee . | . . . Knockbacks . | . . . Impact . | . . . Kinetic . | . . . Secondary . | . . . Self-Inflicted Damage . | . . . Shots . | . . . Rammed . | . . . Targets Rammed . | . . . Kicked . | . . . Crushed . | . . . Highest Temperature 225 | . 225 84 Average Temperature 72 | . 74 35 Received Heat Transfer 141 | . 141 . Effects 1 | . 1 . Interference 1 | . 1 . Siege Activations . | . . . Robots Corrupted . | . . . Combat Hostiles . | . . . Parts Fried . | . . . Impact Corruptions . | . . . Robots Melted . | . . . Combat Hostiles . | . . . Parts Melted 5 | . 5 . Heat Transferred 2035 | . 2035 . Parts Sabotaged . | . . . Parts Stolen . | . . . Parts Stripped . | . . . Power Chain Reactions . | . . . Alert | -11 -10 -10 ------- Run | Yrd Mat Min Peak Influence 228 | . 228 44 Initial 44 | . . 44 Average 108 | . 128 43 Maximum Alert Level 1 | . 1 . Low Security (%) 75 | 100 69 100 Level 1 24 | . 30 . Level 2 . | . . . Level 3 . | . . . Level 4 . | . . . Level 5 . | . . . High Security . | . . . Max Security . | . . . Squads Dispatched 2 | . 2 . Investigation 1 | . 1 . Extermination . | . . . Reinforcement 1 | . 1 . Assault . | . . . Garrison . | . . . Intercept . | . . . Searches Triggered . | . . . Construction Impeded . | . . . Haulers Reinforced . | . . . Active Scanning Responses . | . . . Cargo Convoy Interrupts . | . . . Stealth | -11 -10 -10 --------- Run | Yrd Mat Min Distress Signals 6 | . 6 . Communications Jammed . | . . . Distress Signals . | . . . Times Spotted 32 | . 30 2 Peak Tracking Total 5 | . 5 2 Tactical Retreats 6 | . 6 . Traps | -11 -10 -10 ------- Run | Yrd Mat Min Traps Triggered 3 | . 3 . Indirectly . | . . . Trap Hack Attempts . | . . . Triggered . | . . . Disarmed . | . . . Reprogrammed . | . . . Reused . | . . . Traps Extracted . | . . . Installed . | . . . Triggered . | . . . Machines | -11 -10 -10 ---------- Run | Yrd Mat Min Machines Disabled . | . . . Max in Single Turn . | . . . Machines Repaired . | . . . Machines Dismantled . | . . . Machines Sabotaged . | . . . Overloaded Fab Kills . | . . . Hacking | -11 -10 -10 --------- Run | Yrd Mat Min Machines Accessed 7 | . 7 . Terminals 6 | . 6 . Fabricators . | . . . Repair Stations . | . . . Recycling Units 1 | . 1 . Scanalyzers . | . . . Garrison Access . | . . . Total Hacks 21 | . 21 . Successful 15 | . 15 . Failed 6 | . 6 . Catastrophic . | . . . Database Lockouts . | . . . Manual 18 | . 18 . Terminals 20 | . 20 . Fabricators . | . . . Repair Stations . | . . . Recycling Units 1 | . 1 . Scanalyzers . | . . . Garrison Access . | . . . Terminal Hacks 10 | . 10 . Robot Analysis 3 | . 3 . Prototype ID Bank 4 | . 4 . Transport Status 1 | . 1 . Hauler Manifests 2 | . 2 . Fabricator Hacks . | . . . Repair Station Hacks . | . . . Recycling Unit Hacks 1 | . 1 . Report Inventory 1 | . 1 . Scanalyzer . | . . . Garrison Access Hacks . | . . . Unauthorized Hacks 4 | . 4 . Terminals 4 | . 4 . Botnet 4 | . 4 . Fabricators . | . . . Repair Stations . | . . . Recycling Units . | . . . Scanalyzers . | . . . Garrison Access . | . . . Data Cores Recovered 1 | . 1 . Used . | . . . Hacking Detections 5 | . 5 . Full Trace Events 1 | . 1 . Feedback Events . | . . . Feedback Blocked . | . . . Robot Schematics Acquired . | . . . Robots Built . | . . . Authchips . | . . . Time . | . . . Total Robot Build Rating . | . . . Part Schematics Acquired . | . . . Parts Built . | . . . Authchips . | . . . Time . | . . . Total Part Build Rating . | . . . Parts Repaired . | . . . Time . | . . . Parts Recycled . | . . . Recycled Matter . | . . . Retrieved Matter . | . . . Retrieved Components . | . . . Parts Scanalyzed . | . . . Part Schematics Acquired . | . . . Parts Damaged . | . . . Bothacking | -11 -10 -10 ------------ Run | Yrd Mat Min Used RIF Installer . | . . . Robots Hacked . | . . . Non-combat . | . . . Combat . | . . . Robot Hacks Applied . | . . . Relay Couplers Released . | . . . Fabnet Peak Effective % . | . . . Robots Rewired . | . . . Allies Hacked . | . . . Hacks Repelled . | . . . Allies | -11 -10 -10 -------- Run | Yrd Mat Min Total Allies . | . . . Largest Group . | . . . Highest-Rated Group . | . . . Highest-Rated Ally . | . . . Total Orders . | . . . Ally Attacks . | . . . Total Damage . | . . . Kills . | . . . Allies Corrupted . | . . . Allies Melted . | . . . Intel | -11 -10 -10 ------- Run | Yrd Mat Min Robot Analysis Total 3 | . 3 . Derelict Logs Recovered . | . . . Drone Launches . | . . . Drone Recoveries . | . . . Exploration | -11 -10 -10 ------------- Run | Yrd Mat Min Turns Passed 1661 | 59 1305 297 Spaces Moved 1024 | 40 833 151 Core 10 | 10 . . Treads . | . . . Legs 1014 | 30 833 151 Wheels . | . . . Hover . | . . . Flight . | . . . Fastest Speed 50 | 50 120 190 Average Speed 138 | 116 130 190 Slowest Speed 260 | 150 190 260 Overloaded Moves . | . . . Propulsion Burnouts . | . . . Robots Hopped . | . . . Cave-ins Triggered . | . . . Exploration Rate (%) 42 | 3 96 28 Regions Visited 2 Branch Regions 1 Pre-discovered Areas . | . . . Known Exits Taken . | . . . Unknown Exits Taken 2 | 1 1 . Scrap Searched . | . . . Spaces Dug . | . . . Terrain Destroyed . | . . . Melee . | . . . Projectile . | . . . AOE . | . . . Terrain Rammed . | . . . Walls Destroyed . | . . . Machines Disabled . | . . . Actions | -11 -10 -10 --------- Run | Yrd Mat Min Total 1185 | 50 977 158 Wait 74 | . 70 4 Move 1022 | 39 832 151 Hop . | . . . Pick Up 18 | 5 13 . Fast Attach 6 | 5 1 . Attach 3 | 1 1 1 Detach . | . . . Swap 8 | . 7 1 Drop 9 | . 9 . Fire 45 | . 44 1 Melee . | . . . Ram . | . . . Kick . | . . . Crush . | . . . Escape Stasis . | . . . Rewire . | . . . Trap . | . . . Miscellaneous . | . . . Route ------- -11/Scrapyard -10/Materials (discovered 5 exits: [*Mat x3] / [*Min x2]) -10/Mines (discovered 1 exit: [*Mat]) History --------- Turn | Location | Event 16 | -11/Scrapyard | Discovered new exit (range 16) 60 | -11/Scrapyard | Entered Materials 186 | -10/Materials | Discovered new exit (range 15) 315 | -10/Materials | Build established: Mutant 531 | -10/Materials | Discovered new exit (range 14) 730 | -10/Materials | Discovered new exit (range 9) 1032 | -10/Materials | Discovered new exit (range 16) 1188 | -10/Materials | Discovered new exit (range 11) 1365 | -10/Materials | Entered Mines 1382 | -10/Mines | Discovered new exit (range 10) 1613 | -10/Mines | Assembled infested the area 1618 | -10/Mines | Assisted by a Guerilla fighting off Assembled 1647 | -10/Mines | Core integrity fell below 50% 1662 | -10/Mines | Core integrity fell below 20% 1662 | -10/Mines | Destroyed by D-53 Grenadier with Mini Grenade Launcher Last Messages --------------- 01499_ K-01 Serf cleans the Matter Pump. 01502_ System corrupted: Matter fused (-6). 01502_ K-01 Serf cleans the Matter Pump. 01519_ System corrupted: Energy discharge (-65). 01521_ K-01 Serf cleans the Matter Pump. 01527_ T-07 Excavator is excavating. 01559_ AF|C/9N 6MEPZ2<9FNGU< 01587_ K-01 Serf cleans the Matter Pump. 01613_ ALERT: Infestation in the mines, dispatching Demolisher response squad. 01618_ A derelict emerges from the shadows: "You need to get out of here! I've been tracking a group of Assembled to figure out where they're coming from, and they're closing on this area, come on!" 01644_ C-30 ARC bursts open, deploying its payload. 01644_ D-53 Grenadier unfolds itself. 01650_ Aluminum Leg destroyed. 01653_ The unstable cave ceiling collapses. 01654_ Lgt. Armor Plating destroyed. 01655_ The unstable cave ceiling collapses. 01660_ Aluminum Leg destroyed. 01660_ Beam Cannon destroyed. 01662_ Med. Laser destroyed. Map ----- +----------------------------------------------------+ | ?????????????????????????????????????????????????? | | ?????????????????????????????????????????????????? | | ?????????????????????????????????????????????????? | | ?????????????????????????????????????????????????? | | ?????????????????????????????????????????????????? | | ?????????????????????????????????????????????????? | | ?????????????????????????????????????????????????? | | ?????????????????????????????????????????????????? | | ?????????????????????????????????????????????????? | | ?????????????????????????????????????????????????? | | ?????????????????????????????????????????????????? | | ?????????????????????????????????????????????????? | | ?????????????????????????????????????????????????? | | ?????????????????????????????????????????????????? | | ?????????????????????##??#???????????????????????? | | ???????????# ######## ## ##?????????????????????? | | ???????????# #?????????????????????? | | ???????????# $ #####?????????????????? | | ????????????######## # #?????????????????? | | ???########????????# #?????????????????? | | ???# ##???????# ###r#?????????????? | | ????# ###?????# # #?????????????? | | ?????# ##????# ##???????????????? | | ?????### ##???# #????????????????? | | ???????## ###?## #????????????????? | | ????????### ##?# @ ###????????????????? | | ??????????## ### #??????????????????? | | ???????????## ## dd #??????????????????? | | ????????????## # #??????????????????? | | ?????????????## # #??????????????????? | | ?????????????## # #??????????????????? | | ?????????????# # ##?????????????????? | | ????????????# ###### """ ##????????????????? | | ????????????## ###????## """ #????????????????? | | ?????????????###???????# %""" #????????????????? | | ???????????????????????## ##????????????????? | | ????????????????????????### ##?????????????????? | | ??????????????????????????# ##??????????????????? | | ??????????????????????????# #???????????????????? | | ??????????????????????????# #???????????????????? | | ??????????###????????###### #???????????????????? | | ?????????## ##??????## #???????????????????? | | ?????????# ##?????# #???????????????????? | | ?????????# #????## ######???????????????????? | | ?????????# #??### ##????????????????????????? | | ??????????# #### ##?????????????????????????? | | ??????????# ## ##??????????????????????????? | | ?????????## ##???????????????????????????? | | ??????#### ###????????????????????????????? | | ?????## ###??????????????????????????????? | +----------------------------------------------------+ Best States ------------- Heat Dissipation 25 Energy Generation 10 Energy Capacity 250 Matter Stores 300 Matter Capacity 300 Sight Range 16 Terrain Scan Density 10 Armor Coverage 150 Evasion (%) 55 Targeting Accuracy 5 Item Schematics ----------------- None Robot Schematics ------------------ None Fabricated ------------ Nothing Alien Tech Used ----------------- None Achievements -------------- None Challenges ------------ None Game ------ Seed AdvancedArcCorpse Manual? 0 Play Time 00:14:09 Cumulative 14.6 hours Start 2024.06.12 @ 21:37:01 End 2024.06.12 @ 21:53:25 Sessions 1 Manual Loads 0 Difficulty Rogue Special Mode None Game No. 24 Rogue 17 Adventurer 7 Explorer 0 Win Type - Total 0 Types 0/0/0/0/0/0/0/0/0 Lore% 5 Gallery% 17 Achievement% 21 Wizard Run 0 Options --------- Layout 0 ASCII 0 Keyboard 0 Movement Mouse Keybinds 0 Fullscreen 2 Font 24/Smallcaps Map View 113x50 Zoom Use 0% Tactical HUD 1 Map Filters NONE Filters NONE Steam 1 RUN: 0a28b9ed-fdcd-463a-929a-7c0e7ed3cb6d